 Dungeon Crawl Stone Soup version 0.30-a0-996-ga6910c8ee8 (webtiles) character file.

Game seed: 1836312230507754353

(classic levelgen) 832 Amnesiac the Covert (level 7, -1/39 HPs)
             Began as a Vampire Brigand on Apr 4, 2023.
             Slain by Duvessa
             ... wielding a +0 rapier
              (13 damage)
             ... on level 5 of the Dungeon.
             The game lasted 00:16:57 (4834 turns).

Amnesiac the Covert (Vampire Brigand)               Turns: 4834, Time: 00:16:57

Health: -1/39      AC:  0    Str:  8 (10) XL:     7   Next: 65%
Magic:  6/8        EV: 19    Int: 11 (13) God:
Gold:   197        SH:  0    Dex: 21 (23) Spells: 4/8 levels left

rFire   . . .      SeeInvis +    p - melded +1 dagger (speed)
rCold   + + .      Faith    .    (shield currently unavailable)
rNeg    + + +      Spirit   .    b - melded +0 robe
rPois   ∞          Reflect  .    (helmet currently unavailable)
rElec   .          Rampage  .    j - melded +2 cloak
rCorr   .                        x - melded +1 Delatra's gloves {ID++}
Will    .....                    (boots currently unavailable)
Stlth   +++++++                  (no amulet)
HPRegen 0.00/turn                n - melded ring of magical power
MPRegen 0.11/turn                m - melded ring of ice

@: bat-form, flying, bloodless, inhibited regen, very quick
A: fast, flying, no casting, tiny, bloodless, fangs 3, see invisible, vampiric 2
a: Revivify, End Transformation


You were on level 5 of the Dungeon.
You were a vampire bat.
You visited 1 branch of the dungeon, and saw 6 of its levels.

You collected 197 gold pieces.

Inventory:

Hand Weapons
 a - a +2 dagger
 p - a +1 dagger of speed (melded)
Missiles
 d - 9 poisoned darts (quivered)
 e - 2 curare-tipped darts
Armour
 b - a +0 robe (melded)
 j - a +2 cloak (melded)
 x - the +1 Delatra's gloves (melded) {ID++}
   (You found it on level 5 of the Dungeon)

   ID++:      It heals its wearer when they drink unknown potions, and restores
   their MP when they read unknown scrolls.
Jewellery
 k - a ring of resist corrosion
 m - a ring of ice (melded)
 n - a ring of magical power (melded)
Wands
 v - a wand of flame (9)
Scrolls
 h - a scroll of poison {!r, unknown}
 o - a scroll of enchant armour {!r, unknown}
 r - a scroll of vulnerability {!r, unknown}
 s - a scroll of noise {!r, unknown}
 t - a scroll of teleportation {!r, unknown}
 y - a scroll of brand weapon {!r, unknown}
 z - a scroll of identify {!r, unknown}
Potions
 c - a potion of haste {!q}
 g - 2 potions of magic {!q, unknown}
 i - a potion of lignification {!q, unknown}
 l - 3 potions of heal wounds {!q, unknown}
 q - 3 potions of degeneration {!q, unknown}
 u - 2 potions of flight {!q, unknown}
 w - a potion of attraction {!q, unknown}
 A - a potion of curing {!q, unknown}


   Skills:
 - Level 1.7 Fighting
 + Level 5.3 Short Blades
 - Level 1.5 Throwing
 + Level 1.7 Dodging
 * Level 11.8 Stealth
 - Level 1.0 Spellcasting
 - Level 1.0 Hexes
 - Level 1.0 Transmutations
 - Level 1.0 Ice Magic
 - Level 1.0 Earth Magic


You had 4 spell levels left.
You knew the following spells:

 Your Spells              Type           Power      Damage    Failure   Level
a - Ensorcelled Hibernat  Hex/Ice        4%         N/A       32%         2
b - Passwall              Tmut/Erth      1%         N/A       32%         2

Your spell library contained the following spells:

 Spells                   Type           Power      Damage    Failure   Level
 Freeze                   Ice            8%         1d3       22%         1
 Sandblast                Erth           4%         2d4       22%         1
 Frozen Ramparts          Ice            4%         1d1       54%         3
 Hailstorm                Conj/Ice       1%         3d3       61%         3
 Stone Arrow              Conj/Erth      2%         3d7       61%         3
 Swiftness                Air            0%         N/A       67%         3


Dungeon Overview and Level Annotations

Branches:
Dungeon (6/15)
 Temple: D:4-7

Altars:
Vehumet

Shops:
D:1 [

Annotations:
D:5 3 runed translucent doors, Duvessa; clease's ghost, novice DECj


Innate Abilities, Weirdness & Mutations

You are a vampire bat.
You are tiny and dextrous.
You move quickly.
You are flying.
You are immune to poison.
Your equipment is almost entirely melded.
You are incapable of wielding weapons or throwing items.
You cannot cast spells.
You do not regenerate when monsters are visible.
You are frail without blood (-20% HP).
You can heal yourself when you bite living creatures.
You are immune to poison.
You have razor-sharp teeth.
You have supernaturally acute eyesight. (SInv)
You are afflicted with vampirism and can become a bat while bloodless.


Message History

The jackal is heavily wounded.
The jackal closely misses you.
You hit the jackal but do no damage.
The jackal is heavily wounded.
You hit the jackal.
The jackal is almost dead.
The jackal bites you.
You closely miss the jackal.
The jackal is almost dead.
The jackal closely misses you.
You barely miss the jackal.
The jackal is almost dead.
You hit the jackal.
You kill the jackal!
y - a scroll labelled BILENU PUCW {!r}
Things that are here:
a +0 robe; a +0 scimitar
Found 8 stones.
z - a scroll labelled DUOT HUEJUITA {!r}
Things that are here:
a +0 robe; a +0 scimitar
Okay, then.
You see here a fizzy cyan potion {!q}.
A - a fizzy cyan potion {!q} You catch the helpless Dowan completely off-guard!
You bite Dowan, and draw his blood! You impale Dowan!!
You kill Dowan!
You hear a distant scream of rage.
Duvessa goes berserk!
Casting: Ensorcelled Hibernation (dangerous; 28% risk of failure)
Confirm with . or Enter, or press ? or * to list all spells.
You can't see any susceptible monsters within range! (Use Z to cast anyway.)
Casting: Ensorcelled Hibernation (dangerous; 28% risk of failure)
Confirm with . or Enter, or press ? or * to list all spells.
Okay, then.
Okay, then.
Throw: 3 darts (curare)
Press: ? - help, Q - select action, (/) - cycle Shift-Dir - straight line, f - Duvessa
Aim: Duvessa, wielding a +0 rapier and wearing a +0 leather armour (berserk, 64% to hit)
You throw a curare-tipped dart. The curare-tipped dart hits Duvessa.
Duvessa is poisoned.
Duvessa convulses.
Duvessa seems to slow down.
Duvessa is lightly wounded.
Duvessa hits you with a +0 rapier!
Throw: 2 throwing nets
Press: ? - help, Q - select action, (/) - cycle Shift-Dir - straight line, f/p - Duvessa
Aim: Duvessa, wielding a +0 rapier and wearing a +0 leather armour (lightly wounded, berserk, very poisoned, slow, 64% to hit)
You throw a throwing net.
The throwing net closely misses Duvessa.
Throw: throwing net
Press: ? - help, Q - select action, (/) - cycle Shift-Dir - straight line, f/p - Duvessa
Aim: Duvessa, wielding a +0 rapier and wearing a +0 leather armour (lightly wounded, berserk, very poisoned, slow, 64% to hit)
You throw a throwing net.
The throwing net closely misses Duvessa.
Duvessa hits you with a +0 rapier!
* * * LOW HITPOINT WARNING * * *
Okay, then.
Okay, then.
Duvessa attacks as you move away! Duvessa hits you with a +0 rapier.
* * * LOW HITPOINT WARNING * * *
You turn into a vampire bat.
You feel your magic capacity decrease.
You feel weakened.
You feel dopey.
You feel clumsy.
Duvessa looks more healthy.
Duvessa hits you with a +0 rapier!
You die...

. ............# .. ..
...........# ... .
#..##..........# ....
...............# #.#(
#.............## ###...
#............ ......###
#.#.......###
........####....#.##....
.......be.##...().(##.≈≈
..........##..........≈.
.........[..........#.≈.
..............#.......≈.
..........#.....#...#.≈.
..........#..##.>.....≈.
..........#...........≈.
.......####...........≈.
.............<........≈≈


You could see Duvessa (berserk, slow).

Vanquished Creatures
  Eustachio (D:5)
  A water moccasin (D:5)
  An ogre (D:5)
  Blork the orc (D:5)
  2 scorpions
  Dowan (D:5)
  A hound (D:4)
  A sleepcap (D:4)
  An orc wizard (D:3)
  8 adders
  4 worms
  4 dart slugs
  13 orcs
  5 ball pythons
  3 bats
  10 endoplasms
  4 giant cockroaches
  6 goblins
  6 hobgoblins
  5 jackals
  3 quokkas
  2 frilled lizards (D:1)
  13 kobolds
  7 rats
103 creatures vanquished.

Notes
Turn   | Place    | Note
-------+----------+-------------------------------------------
     0 | D:1      | Amnesiac the Vampire Brigand began the quest for the Orb.
     0 | D:1      | Reached XP level 1. HP: 16/16 MP: 1/1
    33 | D:1      | Reached skill level 6 in Stealth
    55 | D:1      | Found Yffeonei's Antique Armour Boutique.
   199 | D:1      | Reached XP level 2. HP: 22/22 MP: 2/2
   472 | D:1      | Gained mutation: You are afflicted with vampirism and can
                  | become a bat while bloodless. [Vampire growth]
   472 | D:1      | Reached XP level 3. HP: 18/27 MP: 3/3
   525 | D:1      | Learned a level 2 spell: Passwall
   561 | D:1      | Reached skill level 7 in Stealth
  1039 | D:2      | Reached skill level 1 in Spellcasting
  1160 | D:2      | Learned a level 2 spell: Ensorcelled Hibernation
  1564 | D:2      | Reached XP level 4. HP: 23/33 MP: 3/5
  2059 | D:3      | Reached skill level 1 in Transmutations
  2102 | D:3      | Reached skill level 1 in Hexes
  2130 | D:3      | Reached skill level 1 in Earth Magic
  2307 | D:3      | Noticed a scorpion
  2315 | D:3      | Killed a scorpion
  2316 | D:3      | Reached skill level 8 in Stealth
  2316 | D:3      | Reached skill level 1 in Ice Magic
  2316 | D:3      | Reached XP level 5. HP: 30/30 MP: 6/6
  3287 | D:4      | Reached skill level 9 in Stealth
  3370 | D:4      | Reached XP level 6. HP: 35/35 MP: 7/7
  4107 | D:5      | Entered Level 5 of the Dungeon
  4107 | D:5      | Found the +1 Delatra's gloves {ID++}
  4108 | D:5      | Found a radiant altar of Vehumet.
  4133 | D:5      | Found a runed translucent gate.
  4134 | D:5      | Found a runed translucent gate.
  4134 | D:5      | Identified the +5 mace of Conscience {elec, *Rage rC+ rCorr
                  | Str+3}
  4134 | D:5      | Identified the +5 ring mail of the Durable God {rElec rPois
                  | Dex+3}
  4134 | D:5      | Noticed clease's ghost (novice DECj)
  4135 | D:5      | Found a runed translucent gate.
  4202 | D:5      | Noticed Eustachio
  4234 | D:5      | Killed Eustachio
  4235 | D:5      | Reached skill level 10 in Stealth
  4235 | D:5      | Reached XP level 7. HP: 33/39 MP: 8/8
  4239 | D:5      | Reached skill level 11 in Stealth
  4276 | D:5      | Reached skill level 5 in Short Blades
  4291 | D:5      | Noticed Duvessa
  4317 | D:5      | Noticed Dowan
  4318 | D:5      | Noticed Blork the orc
  4684 | D:5      | Killed Blork the orc
  4822 | D:5      | Killed Dowan
  4834 | D:5      | Slain by Duvessa

Illustrated notes

Levels and vault maps discovered:
D:1:      tekkud_arrival_beachfront_property, layout_basic, serial_shops, shop
D:2:      layout_basic, minmay_misc_feat_ornament, interstate_on_off
D:3:      layout_basic
D:4:      layout_layer_cave, item_on_display_a
D:5:      layout_rooms, mainiacjoe_overflow_concentric_impassable,
          biasface_ghost_orc_armoury, uniq_blork_the_orc, uniq_eustachio,
          uniq_duvessa
D:6:      layout_basic, minmay_temple_entry_junction,
          hellmonk_ghost_happy_afterlife, due_unseen_surprise

Skill      XL: |  1  2  3  4  5  6  7 |
---------------+----------------------+-----
Stealth        | 6 7 8 9 10 11 | 11.8
Spellcasting   | 1 |  1.0
Short Blades   | 3 4 5 |  5.3
Transmutations | 1 |  1.0
Hexes          | 1 |  1.0
Earth Magic    | 1 |  1.0
Ice Magic      | 1 |  1.0
Fighting       | |  1.7
Throwing       | |  1.5
Dodging        | |  1.7

Action                     |  1- 3 |  4- 6 |  7- 9 || total
---------------------------+-------+-------+-------++-------
  Melee: Dagger            |    78 |    99 |    27 ||   204
         Bite              |     8 |     7 |     4 ||    19
         Punch             |       |     1 |       ||     1
  Throw: Throwing net      |       |     1 |     2 ||     3
         Dart              |       |     4 |     1 ||     5
   Cast: Ensorcelled Hiber |     6 |    16 |    15 ||    37
         Passwall          |     3 |    18 |       ||    21
Ability: Exsanguinate      |       |     1 |       ||     1
         Bat Form          |       |       |     1 ||     1
   Stab: Sleeping          |    21 |    36 |     6 ||    63
         Held in net/web   |       |     1 |       ||     1
         Distracted        |       |       |     1 ||     1
 Armour: Robe              |     9 |    25 |    10 ||    44
  Dodge: Dodged            |    32 |    33 |    29 ||    94

Table legend: (Time is in decaauts)
 A = Elapsed time spent in this place.
 B = Non-inter-level travel time spent in this place.
 C = Inter-level travel time spent in this place.
 D = Time resting spent in this place.
 E = Time spent auto-exploring this place.
 F = Levels seen in this place.
 G = Mean time per level.
                   A        B        C        D        E       F      G
               +--------+--------+--------+--------+--------+-----+--------+
         Total |   4772 |   4458 |    314 |    313 |   3128 |   6 |  795.3 |
       Dungeon |   4772 |   4458 |    314 |    313 |   3128 |   6 |  795.3 |
               +--------+--------+--------+--------+--------+-----+--------+

Top non-repeatable levels by time:
     D:4: 1286 daAuts
     D:2: 1147 daAuts
     D:3: 1026 daAuts
     D:1: 882 daAuts
     D:5: 426 daAuts
     D:6: 3 daAuts
